 Dungeon Crawl Stone Soup version 0.22.1-1-ga44c0e56f4 (webtiles) character file.

21982 Debik the Geomancer (level 12, 0/61 HPs)
             Began as a Gargoyle Earth Elementalist on Sept 28, 2018.
             Was an Elder of Vehumet.
             Slain by a komodo dragon (21 damage)
             ... on level 3 of the Lair of Beasts.
             The game lasted 00:32:41 (14130 turns).

Debik the Geomancer (Gargoyle Earth Elementalist)  Turns: 14130, Time: 00:32:42

Health: 0/61       AC: 14    Str: 13    XL:     12   Next: 95%
Magic:  32/37      EV: 13    Int: 20    God:    Vehumet [****..]
Gold:   348        SH:  0    Dex: 10    Spells: 27/36 levels left

rFire    + . .     SeeInvis .   t - staff of cold
rCold    + + +     Gourm    .   (no shield)
rNeg     + . .     Faith    .   A - +1 robe {rC+ rF+}
rPois    ∞         Spirit   .   u - +0 helmet
rElec    +         Reflect  .   i - +0 cloak
rCorr    .         Harm     .   (no gloves)
MR       .....                  (no boots)
Stlth    ++........             D - amulet of magic regeneration
HPRegen  0.20/turn              a - ring of magical power
MPRegen  0.50/turn              C - ring of protection from cold

@: no status effects
A: negative energy resistance 1, electricity resistance, unbreathing,
petrification resistance, rot immunity, AC +8
a: Renounce Religion


You were on level 3 of the Lair of Beasts.
You worshipped Vehumet.
Vehumet was greatly pleased with you.
You were not hungry.

You visited 3 branches of the dungeon, and saw 13 of its levels.
You also visited: Sewer.

You collected 814 gold pieces.
You spent 466 gold pieces at shops.

Inventory:

Missiles
 b - 104 stones (quivered)
 k - 3 throwing nets
Armour
 i - a +0 cloak (worn)
 u - a +0 helmet (worn)
 A - a +1 robe of resistance (worn)
Magical Staves
 t - an uncursed staff of cold (weapon)
Jewellery
 a - a ring of magical power (left hand)
 C - a ring of protection from cold (right hand)
 D - an amulet of magic regeneration (around neck)
Wands
 c - a wand of paralysis (14)
 n - a wand of flame (38)
 s - a wand of random effects (20)
 v - a wand of clouds (9)
 y - a wand of digging (15)
 E - a wand of scattershot (8)
 K - a wand of acid (10)
Scrolls
 l - 7 scrolls of teleportation
 p - a scroll of enchant weapon
 r - 2 scrolls of amnesia
 w - 3 scrolls of remove curse
 x - a scroll of fog
 G - a scroll of magic mapping
 H - a scroll of fear
Potions
 e - a potion of flight
 f - 3 potions of haste
 g - 4 potions of mutation
 h - 2 potions of curing
 j - a potion of agility
 m - a potion of ambrosia {unknown}
 o - a potion of magic {unknown}
 q - 2 potions of might
 z - 2 potions of degeneration {unknown}
 B - 2 potions of resistance
 F - 3 potions of cancellation {unknown}
 J - a potion of lignification {unknown}
 L - a potion of berserk rage {unknown}
Comestibles
 d - 14 rations
 I - 4 chunks of flesh


   Skills:
 + Level 1.6 Fighting
 + Level 3.4 Armour
 + Level 3.5 Dodging
 + Level 4.0 Stealth
 + Level 0.7 Unarmed Combat
 + Level 12.7 Spellcasting
 + Level 9.1 Conjurations
   Level 0.7 Transmutations
 + Level 14.3 Earth Magic


You had 27 spell levels left.
You knew the following spells:

 Your Spells              Type           Power        Failure   Level  Hunger
a - Sandblast             Erth           ######       0%          1    None
d - Lee's Rapid Deconstr  Erth           ######....   1%          5    ####...
e - Stone Arrow           Conj/Erth      ######       1%          3    None

Your spell library contained the following spells:

 Spells                   Type           Power        Failure   Level  Hunger
 Airstrike                Air            ##........   13%         4    None
 Passwall                 Tmut/Erth      #####...     1%          2    None
 Petrify                  Tmut/Erth      #####...     2%          4    None
 Animate Skeleton         Necr           N/A          5%          1    None
 Apportation              Tloc           ##....       5%          1    None
 Confusing Touch          Hex            ##....       5%          1    None
 Summon Small Mammal      Summ           ##..         5%          1    None


Dungeon Overview and Level Annotations

Branches:
Dungeon (9/15)             Temple (1/1) D:6            Lair (3/6) D:8
  Swamp: Lair:2-4    Shoals: Lair:2-4     Snake: Lair:2-4    Spider: Lair:2-4
    Orc: D:9-12

Altars:
Ashenzari
Cheibriados
Dithmenos
Elyvilon
Fedhas
Gozag
Hepliaklqana
Kikubaaqudgha
Makhleb
Nemelex Xobeh
Okawaru
Qazlal
Ru
Sif Muna
Trog
Uskayaw
Vehumet
Wu Jian
Xom
Yredelemnul
Zin
The Shining One

Shops:
D:7 *   D:9 =

Annotations:
D:6 1 runed door, BushDid911's ghost, amateur DgFi


Innate Abilities, Weirdness & Mutations

You are resistant to torment.
Your stone body is resilient. (AC +8)
You are immune to poison.
You resist negative energy. (rN+)
You are resistant to electric shocks. (rElec)
You can survive without breathing.
You are immune to petrification.
You are immune to rotting.


Message History

A komodo dragon comes into view.
The komodo dragon hisses angrily.
The komodo dragon bites you!!
Casting: Stone Arrow (safe; 1% risk of failure)
Confirm with . or Enter, or press ? or * to list all spells.
Aiming: Stone Arrow (safe; 1% risk of failure)
Press: ? - help, Shift-Dir - straight line, f - komodo dragon
Aim: a komodo dragon The stone arrow hits the komodo dragon.
The komodo dragon is heavily wounded.
The komodo dragon bites you!!
Casting: Stone Arrow (safe; 1% risk of failure)
Confirm with . or Enter, or press ? or * to list all spells.
Aiming: Stone Arrow (safe; 1% risk of failure)
Press: ? - help, Shift-Dir - straight line, f/p - komodo dragon
Aim: a komodo dragon (heavily wounded)
The stone arrow hits the komodo dragon.
The komodo dragon is almost dead.
The komodo dragon bites you!!
You die...

### ### ##########.#
#.####........... #
#......#..##..##.
#.#.####......#####..###
....../............#.##.
#...P..@#.P..PP..#.####.
#####.l#.PP..PPP.#.####.
#...................
#.##.............#...
..# #...#..>......P.#.
##. ##................ #
##.#..........#..
##...P......##.
#..P...#.....#


You could see a komodo dragon.

Vanquished Creatures
  2 hydras
  A two-headed ogre (D:8)
  5 death yaks
  A black mamba (Lair:2)
  10 spiny frogs
  A rime drake (Lair:1)
  4 komodo dragons
  A hippogriff (Lair:3)
  13 blink frogs (Lair:3)
  3 basilisks
  3 hogs (D:7)
  17 yaks
  A human (D:7)
  A hungry ghost (D:9)
  3 water moccasins
  7 porcupines
  4 orc warriors
  5 sky beasts
  5 ice beasts
  2 necrophages
  2 phantoms (D:8)
  6 ogres
  4 centaurs
  3 crocodiles
  7 bullfrogs
  A gnoll sergeant (D:8)
  4 scorpions
  3 killer bees (D:8)
  3 wights (D:9)
  3 crimson imps
  A centaur zombie (D:7)
  3 hounds
  A quasit (D:7)
  3 jellies (D:8)
  A centaur skeleton (D:4)
  8 orc priests
  13 orc wizards
  2 bullfrog skeletons
  4 iguanas
  Ijyb (D:4)
  7 worker ants
  3 hound skeletons
  A howler monkey zombie (D:6)
  2 worker ant zombies
  Robin (D:4)
  8 gnolls
  11 adders
  A river rat (D:4)
  A shadow imp (D:8)
  2 oozes
  2 adder zombies
  A dart slug (D:3)
  2 leopard geckos
  38 orcs
  5 ball pythons
  2 giant cockroaches
  14 goblins
  15 hobgoblins
  17 jackals
  12 bats
  8 frilled lizards
  12 kobolds
  A quokka skeleton (D:4)
  3 rats
331 creatures vanquished.

Vanquished Creatures (others)
  3 fungi
  6 plants
9 creatures vanquished.

Grand Total: 340 creatures vanquished

Notes
Turn   | Place    | Note
-------+----------+-------------------------------------------
     0 | D:1      | Debik the Gargoyle Earth Elementalist began the quest for
                  | the Orb.
     0 | D:1      | Reached XP level 1. HP: 10/10 MP: 3/3
   296 | D:1      | Reached skill level 4 in Earth Magic
   296 | D:1      | Reached XP level 2. HP: 15/15 MP: 0/5
   879 | D:1      | Reached XP level 3. HP: 19/19 MP: 6/6
   884 | D:1      | Learned a level 3 spell: Stone Arrow
  1334 | D:2      | Reached XP level 4. HP: 23/24 MP: 8/8
  2159 | D:3      | Noticed an ogre
  2165 | D:3      | Killed an ogre
  2165 | D:3      | Reached skill level 5 in Earth Magic
  2165 | D:3      | Reached XP level 5. HP: 28/28 MP: 11/11
  2175 | D:3      | Learned a level 5 spell: Lee's Rapid Deconstruction
  2260 | D:3      | Reached XP level 6. HP: 28/32 MP: 12/12
  2752 | D:4      | Found a glowing drain.
  2753 | D:4      | Noticed Ijyb
  2760 | D:4      | Killed Ijyb
  2760 | D:4      | Reached skill level 5 in Spellcasting
  2772 | Sewer    | Entered a sewer
  3061 | Sewer    | Reached XP level 7. HP: 36/36 MP: 7/14
  3136 | Sewer    | Reached skill level 1 in Conjurations
  3892 | D:4      | Noticed Robin
  3904 | D:4      | Killed Robin
  4127 | D:4      | Reached skill level 1 in Armour
  4580 | D:4      | Reached skill level 6 in Earth Magic
  4879 | D:5      | Entered Level 5 of the Dungeon
  4970 | D:5      | Reached XP level 8. HP: 24/41 MP: 11/16
  5600 | D:5      | Reached skill level 7 in Earth Magic
  6069 | D:6      | Found a runed door.
  6090 | D:6      | Found a staircase to the Ecumenical Temple.
  6109 | D:6      | Noticed BushDid911's ghost (amateur DgFi)
  6132 | D:6      | Reached XP level 9. HP: 45/45 MP: 15/19
  6137 | D:6      | Reached skill level 8 in Earth Magic
  6253 | D:6      | Reached skill level 5 in Conjurations
  6533 | Temple   | Entered the Ecumenical Temple
  6646 | Temple   | Became a worshipper of Vehumet
  7086 | D:7      | Reached skill level 9 in Earth Magic
  7508 | D:7      | Found a stormy altar of Qazlal.
  7569 | D:7      | Found Xeirgh's General Store.
  7579 | D:7      | Bought a scroll of fear for 52 gold pieces
  7757 | D:7      | Reached * piety under Vehumet
  7757 | D:7      | Offered knowledge of Shock by Vehumet.
  8264 | D:7      | Reached XP level 10. HP: 50/50 MP: 22/22
  8341 | D:7      | Reached skill level 10 in Earth Magic
  8838 | D:7      | Got an iridescent hunting sling
  8839 | D:7      | Identified the +9 hunting sling of Gifrurups {venom,
                  | Fragile rElec rPois Dex+3} (You found it on level 7 of the
                  | Dungeon)
  8865 | D:7      | Bought 26 stones for 39 gold pieces
  8865 | D:7      | Bought a scroll of teleportation for 45 gold pieces
  8884 | D:8      | Noticed a two-headed ogre
  8891 | D:8      | Killed a two-headed ogre
  9145 | D:8      | Found a staircase to the Lair.
  9264 | D:8      | Offered knowledge of Throw Frost by Vehumet.
  9267 | D:8      | Reached ** piety under Vehumet
 10268 | D:9      | Found Fuuzyd's Jewellery Shop.
 10282 | D:9      | Bought an uncursed amulet of magic regeneration for 330
                  | gold pieces
 10352 | D:9      | Got a silken robe
 10363 | D:9      | Identified the cursed +1 robe of Divine Intervention {rF++
                  | MR++ MP-9} (You found it on level 9 of the Dungeon)
 10451 | D:9      | Reached skill level 11 in Earth Magic
 10451 | D:9      | Reached XP level 11. HP: 37/55 MP: 14/24
 10586 | D:9      | Reached skill level 10 in Spellcasting
 10722 | D:9      | Offered knowledge of Searing Ray by Vehumet.
 10722 | D:9      | Reached skill level 1 in Fighting
 11186 | Lair:1   | Entered Level 1 of the Lair of Beasts
 11212 | Lair:1   | Reached *** piety under Vehumet
 11338 | Lair:1   | Noticed a six-headed hydra
 11345 | Lair:1   | Killed a six-headed hydra
 11345 | Lair:1   | Reached skill level 12 in Earth Magic
 11676 | Lair:1   | Offered knowledge of Airstrike by Vehumet.
 11980 | Lair:2   | Noticed a six-headed hydra
 11991 | Lair:2   | Killed a six-headed hydra
 12067 | Lair:2   | Reached XP level 12. HP: 36/61 MP: 27/27
 12109 | Lair:2   | Reached skill level 13 in Earth Magic
 12610 | Lair:2   | Noticed a death yak
 12612 | Lair:2   | Noticed a death yak
 13012 | Lair:2   | Noticed a death yak
 13015 | Lair:2   | Noticed a death yak
 13023 | Lair:2   | Noticed a death yak
 13033 | Lair:1   | Killed a death yak
 13338 | Lair:2   | Killed a death yak
 13339 | Lair:2   | Killed a death yak
 13340 | Lair:2   | Killed a death yak
 13649 | Lair:2   | Killed a death yak
 13730 | Lair:3   | Reached skill level 14 in Earth Magic
 14016 | Lair:3   | Reached **** piety under Vehumet
 14130 | Lair:3   | Slain by a komodo dragon

Skill      XL: |  1  2  3  4  5  6  7  8  9 10 11 12 |
---------------+-------------------------------------+-----
Earth Magic    | 4 5 6 7 9 11 12 14 | 14.3
Spellcasting   | 4 5 6 8 9 11 12 | 12.7
Dodging        | 2 3 |  3.5
Conjurations   | 3 4 6 7 8 9 |  9.1
Armour         | 1 2 3 |  3.4
Stealth        | 3 4 |  4.0
Fighting       | 1 |  1.6
Unarmed Combat | |  0.7
Transmutations | |  0.7

Action                   |  1- 3 |  4- 6 |  7- 9 | 10-12 || total
-------------------------+-------+-------+-------+-------++-------
Melee: Unarmed           |    10 |     8 |       |       ||    18
       Dagger            |       |       |    12 |       ||    12
       Staff             |       |       |     9 |     3 ||    12
 Cast: Sandblast         |    52 |    55 |    44 |    81 ||   232
       Stone Arrow       |     1 |    20 |   163 |   161 ||   345
       Lee's Rapid Decon |       |       |    13 |    50 ||    63
  Use: Scroll            |     3 |     6 |     5 |     9 ||    23
       Potion            |       |       |     2 |     5 ||     7
  Eat: Chunk             |     2 |     7 |    14 |    13 ||    36
       Ration            |       |       |     3 |     5 ||     8
Armor: Robe              |    14 |     8 |       |    36 ||    58
       Leather armour    |       |     8 |    60 |    15 ||    83
Dodge: Dodged            |    25 |    18 |    62 |    66 ||   171
